Workbook

Sheet Sit. Actual
B1: RICOH PRO 751 | C1: RICOH PRO C7110
A2: MTBF | B2: 248.921 | C2: 267.016
A3: MTTR | B3: 3.521 | C3: 3.498 | E3: Capacidad del Sistema | I3: Turnos por día | J3: 1
A4: Disponibilidad | B4: =B2/(B2+B3) -> 0.98605224 | C4: =C2/(C2+C3) -> 0.98706906 | F4: =SUM(B5:C5) -> 9900 | G4: Páginas/Hr | I4: Horas por turno | J4: 8 | M4: EQUIPO | N4: CANT. EQ | O4: COSTO
A5: Capacidad [páginas/hr] | B5: =75*60 -> 4500 | C5: 5400 | I5: Semanas por año | J5: 52 | M5: RICOH PRO 751 | N5: 1 | O5: 50000
I6: Dias de la semana | J6: 5 | M6: RICOH PRO C7110 | N6: 1 | O6: 50000
B7: RICOH PRO 751 | C7: RICOH PRO C7110 | D7: % tiempo | E7: Capacidad | I7: Horas totales (H) | J7: =+J6*J5*J4*J3 -> 2080
A8: Escenario 1 | B8: 1 | C8: 1 | D8: =B4*C4 -> 0.97330166 | E8: =MIN($F$4,B8*$B$5+C8*$C$5) -> 9900
A9: Escenario 2 | B9: 1 | C9: 0 | D9: =B4*(1-C4) -> 0.012750581 | E9: =MIN($F$4,B9*$B$5+C9*$C$5) -> 4500 | I9: Capacidad prod | J9: 9900 | K9: un/h
A10: Escenario 3 | B10: 0 | C10: 1 | D10: =C4*(1-B4) -> 0.013767401 | E10: =MIN($F$4,B10*$B$5+C10*$C$5) -> 5400 | I10: Precio venta | J10: 75 | K10: $/un | M10: INVERSION | N10: 0
A11: Escenario 4 | B11: 0 | C11: 0 | D11: =(1-B4)*(1-C4) -> 0.00018035761 | E11: =MIN($F$4,B11*$B$5+C11*$C$5) -> 0 | I11: Utilidad | J11: =J10*K11 -> 0 | K11: 0 | M11: COSTOS DE NO DISPONIBILIDAD | N11: =J20*((1-F17)*J7*J16) -> 20997477
D12: =SUM(D8:D11) -> 1 | I12: costos totales | M12: COSTO GLOBAL SITUACIÓN ACTUAL | N12: =N10+J20*((1-F17)*J7*J16) -> 20997477
F13: Capacidad Promedio | I13: costos fijos
F14: =SUMPRODUCT(D8:D11,E8:E11) -> 9767.408 | I14: costos variables | J14: =J10*K14 -> 60 | K14: 0.8 | AO14: 1
I15: Ci' | J15: =J10-J14 -> 15 | K15: $/un | AO15: 2
F16: Disponibilidad Productiva | I16: Ci | J16: =+J15*J9 -> 148500 | K16: $/h | M16: PRODUCCIÓN ANUAL ESPERADA | N16: =J7*J9*F17 -> 20316209 | O16: PÁGINA | AO16: 3
F17: =F14/F4 -> 0.98660687 | M17: META PRODUCCIÓN ANUAL 93% Prob de logro | N17: 19961452 | O17: PÁGINA | AO17: 4
I18: Horizonte | J18: 6 | K18: años | M18: VENTAS ÚLTIMO AÑO | N18: =768*1000 -> 768000 | O18: PÁGINA | AO18: 5
A19: Resumen | I19: tasa de descuento | J19: 0.05 | AO19: 6
B20: RICOH PRO 751 | C20: RICOH PRO C7110 | I20: Fa | J20: =(((1+J19)^J18)-1)/(((1+J19)^J18)*J19) -> 5.0756921 | AO20: 7
A21: Disponibilidad | B21: =B4 -> 0.98605224 | C21: =C4 -> 0.98706906 | AO21: 8
A22: Capacidad [pág/h] | B22: =B5 -> 4500 | C22: =C5 -> 5400 | AO22: 9
A23: Capacidad Sistema[pág/h] | B23: =F4 -> 9900
AO24: 10
A25: Disponibilidad temporal | B25: =1-((1-B4)*(1-C4)) -> 0.99981964 | AO25: 11
A26: Capacidad Promedio [Pág/H] | B26: =F14 -> 9767.408 | AO26: 12
A27: Disponibilidad Productiva | B27: =F17 -> 0.98660687 | AO27: 13
AO28: 14
AO29: 15
AO30: 16
AO31: 17
AO32: 18
AO33: 19
AO34: 20
AO35: 21
AO36: 22
AO37: 23
AO38: 24
AO39: 25
... AO114: 100

Sheet Sit. Propuesta
B1: RICOH PRO 751 | C1: RICOH PRO C7110
A2: MTBF | B2: 248.921 | C2: 267.016
A3: MTTR | B3: 3.521 | C3: 3.498 | E3: Capacidad del Sistema | I3: Turnos por día | J3: 1
A4: Disponibilidad | B4: 1 | C4: =C2/(C2+C3) -> 0.98706906 | F4: =SUM(B5:C5) -> 9900 | G4: Páginas/Hr | I4: Horas por turno | J4: 8 | M4: EQUIPO | N4: CANT. EQ | O4: COSTO
A5: Capacidad [páginas/hr] | B5: =75*60 -> 4500 | C5: 5400 | I5: Semanas por año | J5: 52 | M5: RICOH PRO 751 | N5: 1 | O5: 6000000
I6: Dias de la semana | J6: 5 | M6: RICOH PRO C7110 | N6: 1 | O6: 6500000
B7: RICOH PRO 751 | C7: RICOH PRO C7110 | D7: % tiempo | E7: Capacidad | I7: Horas totales (H) | J7: =+J6*J5*J4*J3 -> 2080
A8: Escenario 1 | B8: 1 | C8: 1 | D8: =B4*C4 -> 0.98706906 | E8: =MIN($F$4,B8*$B$5+C8*$C$5) -> 9900
A9: Escenario 2 | B9: 1 | C9: 0 | D9: =B4*(1-C4) -> 0.012930939 | E9: =MIN($F$4,B9*$B$5+C9*$C$5) -> 4500 | I9: Capacidad prod | J9: 9900 | K9: un/h
A10: Escenario 3 | B10: 0 | C10: 1 | D10: =C4*(1-B4) -> 0 | E10: =MIN($F$4,B10*$B$5+C10*$C$5) -> 5400 | I10: Precio venta | J10: 75 | K10: $/un | M10: INVERSION | N10: =N5*O5 -> 6000000
A11: Escenario 4 | B11: 0 | C11: 0 | D11: =(1-B4)*(1-C4) -> 0 | E11: =MIN($F$4,B11*$B$5+C11*$C$5) -> 0 | I11: Utilidad | J11: =J10*K11 -> 0 | K11: 0 | M11: COSTOS DE NO DISPONIBILIDAD | N11: =J20*((1-F17)*J7*J16) -> 11057926
D12: =SUM(D8:D11) -> 1 | I12: costos totales | M12: COSTO GLOBAL SITUACIÓN PROPUESTA | N12: =N10+J20*((1-F17)*J7*J16) -> 17057926
F13: Capacidad Promedio | I13: costos fijos
F14: =SUMPRODUCT(D8:D11,E8:E11) -> 9830.1729 | I14: costos variables | J14: =J10*K14 -> 60 | K14: 0.8 | AO14: 1
I15: Ci' | J15: =J10-J14 -> 15 | K15: $/un | AO15: 2
F16: Disponibilidad Productiva | I16: Ci | J16: =+J15*J9 -> 148500 | K16: $/h | M16: PRODUCCIÓN ANUAL ESPERADA | N16: =J7*J9*F17 -> 20446760 | O16: PÁGINA | AO16: 3
F17: =F14/F4 -> 0.99294676 | M17: META PRODUCCIÓN ANUAL 93% Prob de logro | N17: 19961452 | O17: PÁGINA | AO17: 4
I18: Horizonte | J18: 6 | K18: años | M18: VENTAS ÚLTIMO AÑO | N18: =768*1000 -> 768000 | O18: PÁGINA | AO18: 5
A19: Resumen | I19: tasa de descuento | J19: 0.05 | AO19: 6
B20: RICOH PRO 751 | C20: RICOH PRO C7110 | I20: Fa | J20: =(((1+J19)^J18)-1)/(((1+J19)^J18)*J19) -> 5.0756921 | AO20: 7
A21: Disponibilidad | B21: =B4 -> 1 | C21: =C4 -> 0.98706906 | AO21: 8
A22: Capacidad [pág/h] | B22: =B5 -> 4500 | C22: =C5 -> 5400 | AO22: 9
A23: Capacidad Sistema[pág/h] | B23: =F4 -> 9900
AO24: 10
A25: Disponibilidad temporal | B25: =1-((1-B4)*(1-C4)) -> 1 | AO25: 11
A26: Capacidad Promedio [Pág/H] | B26: =F14 -> 9830.1729 | AO26: 12
A27: Disponibilidad Productiva | B27: =F17 -> 0.99294676 | AO27: 13
AO28: 14
AO29: 15
AO30: 16
AO31: 17
AO32: 18
AO33: 19
AO34: 20
AO35: 21
AO36: 22
AO37: 23
AO38: 24
AO39: 25
... AO114: 100

Sheet RESUMEN
B1: SITUACIÓN ACTUAL | C1: SITUACIÓN PROPUESTA
A2: ='Sit. Actual'!M10 -> INVERSION | B2: ='Sit. Actual'!N10 -> 0 | C2: ='Sit. Propuesta'!N10 -> 6000000
A3: ='Sit. Actual'!M11 -> COSTOS DE NO DISPONIBILIDAD | B3: ='Sit. Actual'!N11 -> 20997477 | C3: ='Sit. Propuesta'!N11 -> 11057926
A4: COSTO GLOBAL | B4: ='Sit. Actual'!N12 -> 20997477 | C4: ='Sit. Propuesta'!N12 -> 17057926
A6: ='Sit. Actual'!M16 -> PRODUCCIÓN ANUAL ESPERADA | B6: ='Sit. Actual'!N16 -> 20316209 | C6: ='Sit. Propuesta'!N16 -> 20446760
A7: ='Sit. Actual'!M17 -> META PRODUCCIÓN ANUAL 93% Prob de logro | B7: ='Sit. Actual'!N17 -> 19961452 | C7: ='Sit. Propuesta'!N17 -> 19961452
A8: ='Sit. Actual'!M18 -> VENTAS ÚLTIMO AÑO | B8: ='Sit. Actual'!N18 -> 768000 | C8: ='Sit. Propuesta'!N18 -> 768000

Sheet Sensibilidad Horas diarias
A2: HORAS DIARIAS | B2: =8 -> 8 | C2: 7 | D2: 6 | E2: 5 | F2: 4 | G2: 3 | H2: 2
A3: DIAS A LA SEMANA | B3: 5 | C3: 5 | D3: 5 | E3: 5 | F3: 5 | G3: 5 | H3: 5
A4: SEMANAS POR AÑO | B4: 52 | C4: 52 | D4: 52 | E4: 52 | F4: 52 | G4: 52 | H4: 52
A5: HORAS TOTALES | B5: =B2*B3*B4 -> 2080 | C5: =C2*C3*C4 -> 1820 | D5: =D2*D3*D4 -> 1560 | E5: =E2*E3*E4 -> 1300 | F5: =F2*F3*F4 -> 1040 | G5: =G2*G3*G4 -> 780 | H5: =H2*H3*H4 -> 520
A7: Capac. Producción | B7: ='Sit. Actual'!$J$9 -> 9900 | C7: ='Sit. Actual'!$J$9 -> 9900 | D7: ='Sit. Actual'!$J$9 -> 9900 | E7: ='Sit. Actual'!$J$9 -> 9900 | F7: ='Sit. Actual'!$J$9 -> 9900 | G7: ='Sit. Actual'!$J$9 -> 9900 | H7: ='Sit. Actual'!$J$9 -> 9900
A8: Disp. Sit. Actual | B8: ='Sit. Actual'!$F$17 -> 0.98660687 | C8: ='Sit. Actual'!$F$17 -> 0.98660687 | D8: ='Sit. Actual'!$F$17 -> 0.98660687 | E8: ='Sit. Actual'!$F$17 -> 0.98660687 | F8: ='Sit. Actual'!$F$17 -> 0.98660687 | G8: ='Sit. Actual'!$F$17 -> 0.98660687 | H8: ='Sit. Actual'!$F$17 -> 0.98660687
A9: Disp. Sit Propuesta | B9: ='Sit. Propuesta'!$F$17 -> 0.99294676 | C9: ='Sit. Propuesta'!$F$17 -> 0.99294676 | D9: ='Sit. Propuesta'!$F$17 -> 0.99294676 | E9: ='Sit. Propuesta'!$F$17 -> 0.99294676 | F9: ='Sit. Propuesta'!$F$17 -> 0.99294676 | G9: ='Sit. Propuesta'!$F$17 -> 0.99294676 | H9: ='Sit. Propuesta'!$F$17 -> 0.99294676
A11: Produccíon Sit. Actual | B11: =B5*B7*B8 -> 20316209 | C11: =C5*C7*C8 -> 17776683 | D11: =D5*D7*D8 -> 15237157 | E11: =E5*E7*E8 -> 12697630 | F11: =F5*F7*F8 -> 10158104 | G11: =G5*G7*G8 -> 7618578.3 | H11: =H5*H7*H8 -> 5079052.2
A12: Produccíon Sit. Propuesta | B12: =B5*B7*B9 -> 20446760 | C12: =C5*C7*C9 -> 17890915 | D12: =D5*D7*D9 -> 15335070 | E12: =E5*E7*E9 -> 12779225 | F12: =F5*F7*F9 -> 10223380 | G12: =G5*G7*G9 -> 7667534.9 | H12: =H5*H7*H9 -> 5111689.9
A13: Demanda último año | B13: =768*1000 -> 768000 | C13: =768*1000 -> 768000 | D13: =768*1000 -> 768000 | E13: =768*1000 -> 768000 | F13: =768*1000 -> 768000 | G13: =768*1000 -> 768000 | H13: =768*1000 -> 768000
